 Dungeon Crawl Stone Soup version 0.28-a0-1518-gbe868bca14 (webtiles) character file.

Game seed: 1412785337067390353

18785 bande the Cleaver (level 12, -5/75 HPs)
             Began as a Gargoyle Fighter on Jan 16, 2022.
             Was a High Priest of Okawaru.
             Slain by a sun demon (16 damage)
             ... in a volcano.
             The game lasted 00:29:45 (14472 turns).

bande the Cleaver (Gargoyle Fighter)               Turns: 14472, Time: 00:29:46

Health: -5/75      AC: 38    Str: 29    XL:     12   Next: 62%
Magic:  17/17      EV:  7    Int: 13    God:    Okawaru [*****.]
Gold:   418        SH:  5    Dex: 11    Spells: 11/11 levels left

rFire   . . .      SeeInvis .   L - +3 broad axe of Slow Death {drain, rElec rPois rC+ Int+4 Dex-2}
rCold   + . .      Faith    .   c - +0 buckler
rNeg    + . .      Spirit   .   G - +0 plate armour
rPois   ∞          Reflect  .   n - +1 helmet
rElec   +          Harm     .   t - +0 cloak of the Present {-Cast Rampage rPois Str+8}
rCorr   .          Rampage  +   g - +1 pair of gloves
Will    .....      NoCast   +   b - +0 pair of boots
Stlth   ..........              (no amulet)
HPRegen 0.22/turn               h - +4 ring of protection
MPRegen 0.15/turn               r - +4 ring of protection

@: no status effects
A: sickness immunity, AC +8, negative energy resistance 1, electricity
resistance, torment resistance 1, petrification resistance
a: Renounce Religion, Heroism, Finesse, Duel


You were in a volcano.
You worshipped Okawaru.
Okawaru was extremely pleased with you.
You visited 3 branches of the dungeon, and saw 14 of its levels.
You also visited: Volcano.

You collected 661 gold pieces.
You spent 243 gold pieces at shops.

Inventory:

Hand Weapons
 a - a +1 war axe of electrocution
 I - a +2 hand axe of freezing
 L - the +3 broad axe of Slow Death (weapon) {drain, rElec rPois rC+ Int+4 Dex-2}
   (You bought it in a shop on level 9 of the Dungeon)

   A truly terrible weapon, it drains the life of any living foe it strikes.
   Int:       It affects your intelligence (+4).
   Dex:       It affects your dexterity (-2).
   rC:        It protects you from cold.
   rElec:     It insulates you from electricity.
   rPois:     It protects you from poison.
 N - a +4 scimitar of flaming
Missiles
 C - a throwing net (quivered)
Armour
 b - a +0 pair of boots (worn)
 c - a +0 buckler (worn)
 g - a +1 pair of gloves (worn)
 n - a +1 helmet (worn)
 q - a +1 cloak
 t - the +0 cloak of the Present (worn) {-Cast Rampage rPois Str+8}
   (You found it on level 5 of the Dungeon)

   Str:       It affects your strength (+8).
   rPois:     It protects you from poison.
   -Cast:     It prevents spellcasting.
   Rampage:   It bestows one free step when moving towards enemies.
 G - a +0 plate armour (worn)
Jewellery
 h - a +4 ring of protection (left hand)
 k - a ring of see invisible
 r - a +4 ring of protection (right hand)
 A - a ring of wizardry
 M - a ring of protection from fire
Wands
 i - a wand of flame (36)
 p - a wand of iceblast (16)
 w - a wand of digging (7)
 z - a wand of paralysis (13)
Scrolls
 j - 12 scrolls of enchant armour
 o - 8 scrolls of teleportation
 s - 2 scrolls of enchant weapon
 v - 2 scrolls of fear
 x - 3 scrolls of blinking
 y - 2 scrolls of identify
 D - 2 scrolls of holy word
 H - 3 scrolls of amnesia
 K - a scroll of fog
Potions
 d - a potion of might
 e - 2 potions of haste
 f - a potion of flight
 l - 4 potions of curing
 m - a potion of heal wounds
 u - a potion of mutation
 B - a potion of resistance
 E - 2 potions of ambrosia
 J - a potion of berserk rage
 O - 2 potions of cancellation


   Skills:
 + Level 8.9 Fighting
 + Level 0.8 Long Blades
 + Level 12.1 Axes
 + Level 9.2 Armour
 + Level 7.4 Shields
 * Level 7.6 Invocations
 * Level 6.3 Evocations


You had 11 spell levels left.
You didn't know any spells.
Your spell library contained the following spells:

 Spells                   Type           Power      Damage    Failure   Level
 Magic Dart               Conj           0%         1d3       97%         1
 Sandblast                Erth           0%         2d4       97%         1
 Slow                     Hex            0%         N/A       97%         1
 Blink                    Tloc           0%         N/A       99%         2
 Passwall                 Tmut/Erth      0%         N/A       99%         2
 Searing Ray              Conj           0%         2d4       99%         2
 Confusing Touch          Hex            0%         N/A       100%        3
 Mephitic Cloud           Conj/Pois/Air  0%         N/A       100%        3
 Stone Arrow              Conj/Erth      0%         3d7       100%        3
 Vampiric Draining        Necr           0%         2d6       100%        3
 Fulminant Prism          Conj/Hex       0%         3d6       100%        4
 Blade Hands              Tmut           0%         N/A       100%        5
 Manifold Assault         Tloc           0%         N/A       100%        5
 Iron Shot                Conj/Erth      0%         9d1       100%        6
 Storm Form               Tmut/Air       0%         N/A       100%        7
 Maxwell's Capacitive Co  Air            0%         ∞         100%        8
 Summon Small Mammal      Summ           Unusable   N/A       N/A         1
 Call Imp                 Summ           Unusable   N/A       N/A         2
 Call Canine Familiar     Summ           Unusable   N/A       N/A         3
 Summon Guardian Golem    Hex/Summ       Unusable   N/A       N/A         3
 Animate Armour           Summ/Erth      Unusable   N/A       N/A         4
 Summon Lightning Spire   Summ/Air       Unusable   N/A       N/A         4

Dungeon Overview and Level Annotations

Branches:
Dungeon (9/15)             Temple (1/1) D:7            Lair (4/6) D:9
 Shoals (0/4) Lair:3        Snake (0/4) Lair:3          Orc (0/2) D:9
Volcano (1/1)

Altars:
Ashenzari
Cheibriados
Dithmenos
Elyvilon
Fedhas
Hepliaklqana
Kikubaaqudgha
Makhleb
Nemelex Xobeh
Okawaru
Qazlal
Ru
Sif Muna
Trog
Uskayaw
Vehumet
Wu Jian
Xom
Zin
The Shining One

Shops:
D:4 *   D:9 (


Innate Abilities, Weirdness & Mutations

You are immune to sickness and miasma.
Your stone body is resilient. (AC +8)
You are immune to poison.
You resist negative energy. (rN+)
You are resistant to electric shocks. (rElec)
You are resistant to unholy torment.
You are immune to petrification.


Message History

Something appears at your feet!
You see here the +0 cloak "Boerphomp" {-Cast rC+ rCorr Str+3}.
You start resting.
You start resting.
You start resting.
HP restored.
A sun demon comes into view.
The sun demon shouts!
You hear an angry hiss.
You see here a hell hound skeleton.
The sun demon hits you!
You are engulfed in flames!
You slice the sun demon!!
The sun demon is moderately wounded.
The sun demon hits you but does no damage.
You hit the sun demon.
The sun demon is heavily wounded.
The sun demon completely misses you.
You slash the sun demon!
The sun demon is severely wounded.
The sun demon hits you but does no damage.
The sun demon barely misses you.
You miss the sun demon.
The sun demon is severely wounded.
The sun demon hits you!
You are engulfed in flames!
* * * LOW HITPOINT WARNING * * *
You barely miss the sun demon.
The sun demon is severely wounded.
The sun demon hits you but does no damage.
You completely miss the sun demon.
The sun demon is severely wounded.
The sun demon hits you but does no damage.
You slash the sun demon!
The sun demon is almost dead.
The sun demon hits you but does no damage.
You block the sun demon's attack.
You hit the sun demon.
The sun demon is almost dead.
The sun demon hits you!
* * * LOW HITPOINT WARNING * * *
You are engulfed in flames!
You die...

###########
###@3÷......###
##[.÷.##...#...###
##...##.#....#....####
#..∩..#......###.....#
##...##.......###D....
##∩###........###....
### ###.......###...
###...[.###...
##[[.....§..


You could see a sun demon.

Vanquished Creatures
  A hydra (Lair:4)
  Erica (D:8)
  A two-headed ogre (D:9)
  A sun demon (Volcano)
  Pikel (D:8)
  A necromancer (D:9)
  A merfolk siren (Lair:3)
  3 cane toads
  2 smoke demons (Volcano)
  4 black mambas
  A torpor snail (Lair:2)
  A rime drake (Lair:3)
  6 komodo dragons
  A troll (D:9)
  A merfolk (Lair:3)
  5 blink frogs (Lair:2)
  13 yaks
  7 steam dragons (Volcano)
  An acid dragon (D:9)
  11 water moccasins
  A hell hound (Volcano)
  An ice beast (D:6)
  2 black bears
  3 orc warriors
  4 ogres
  14 wolves
  2 centaurs (D:9)
  A phantom (D:4)
  4 lemures (D:8)
  A kobold brigand (D:9)
  12 bullfrogs
  3 scorpions
  A gnoll sergeant (D:8)
  A wyvern zombie (D:4)
  A water moccasin skeleton (D:7)
  4 killer bees (D:8)
  9 wights
  An electric eel (D:9)
  3 howler monkeys (D:7)
  A centaur zombie (D:9)
  6 hounds
  A centaur skeleton (D:7)
  4 iguanas
  7 orc wizards
  A killer bee zombie (D:8)
  2 hound skeletons
  A howler monkey zombie (D:9)
  10 gnolls
  9 adders
  A shadow imp (D:6)
  3 white imps
  An ufetubus (D:4)
  A worm (D:4)
  2 dart slugs (D:1)
  22 orcs
  6 endoplasms
  5 giant cockroaches
  7 goblins
  8 hobgoblins
  7 jackals
  3 quokkas
  3 ball pythons
  8 bats
  2 frilled lizards
  6 kobolds
  4 rats
262 creatures vanquished.

Vanquished Creatures (collateral kills)
  A goblin (D:3)
1 creature vanquished.

Vanquished Creatures (others)
  8 fungi
  19 plants
  3 withered plants (D:1)
30 creatures vanquished.

Grand Total: 293 creatures vanquished

Notes
Turn   | Place    | Note
-------+----------+-------------------------------------------
     0 | D:1      | bande the Gargoyle Fighter began the quest for the Orb.
     0 | D:1      | Reached XP level 1. HP: 14/14 MP: 1/1
   170 | D:1      | Reached XP level 2. HP: 19/19 MP: 2/2
   350 | D:1      | Reached skill level 2 in Axes
   379 | D:1      | Found a faded altar of an unknown god.
   410 | D:1      | Reached XP level 3. HP: 23/23 MP: 3/3
  1020 | D:2      | Reached XP level 4. HP: 29/29 MP: 4/4
  1668 | D:3      | Reached skill level 3 in Axes
  2183 | D:4      | Reached XP level 5. HP: 33/33 MP: 5/5
  2245 | D:4      | Reached skill level 4 in Axes
  2245 | D:4      | Reached XP level 6. HP: 38/38 MP: 6/6
  2252 | D:4      | Found Aneamp's Assorted Antiques.
  2780 | D:5      | Entered Level 5 of the Dungeon
  2812 | D:5      | Noticed a water moccasin
  2843 | D:4      | Killed a water moccasin
  2844 | D:4      | Reached XP level 7. HP: 39/44 MP: 7/7
  2990 | D:4      | Reached skill level 5 in Axes
  2991 | D:4      | Reached skill level 5 in Armour
  3875 | D:5      | Reached skill level 5 in Fighting
  3875 | D:5      | Reached XP level 8. HP: 34/49 MP: 8/8
  4208 | D:5      | Reached skill level 6 in Axes
  4308 | D:5      | Reached skill level 5 in Shields
  4387 | D:5      | Identified the +0 cloak of the Present {-Cast Rampage rPois
                  | Str+8}
  5336 | D:6      | Found a shadowy altar of Dithmenos.
  5492 | D:7      | Reached skill level 7 in Axes
  6228 | D:7      | Found a staircase to the Ecumenical Temple.
  6261 | Temple   | Entered the Ecumenical Temple
  6362 | Temple   | Became a worshipper of Warmaster Okawaru
  6436 | D:7      | Reached XP level 9. HP: 53/55 MP: 9/9
  6678 | D:7      | Reached skill level 1 in Invocations
  6941 | D:8      | Found a stormy altar of Qazlal.
  6964 | D:8      | Found a white marble altar of Elyvilon.
  6977 | D:8      | Reached skill level 1 in Evocations
  7343 | D:8      | Noticed Erica
  7359 | D:8      | Reached skill level 8 in Axes
  7373 | D:9      | Reached * piety under Okawaru
  7523 | D:9      | Found a staircase to the Orcish Mines.
  7561 | D:9      | Noticed a two-headed ogre
  7573 | D:9      | Killed a two-headed ogre
  7641 | D:9      | Reached XP level 10. HP: 60/61 MP: 12/12
  7658 | D:9      | Found a staircase to the Lair.
  7671 | D:9      | Reached ** piety under Okawaru
  7702 | D:9      | Reached skill level 9 in Axes
  8003 | D:9      | Noticed a necromancer
  8009 | D:9      | Killed a necromancer
  8292 | D:9      | Found Uxzummif's Antique Weapon Shoppe.
  8295 | D:9      | Bought a glimmering broad axe for 243 gold pieces
  8295 | D:9      | Identified the +3 broad axe of Slow Death {drain, rElec
                  | rPois rC+ Int+4 Dex-2} (You bought it in a shop on level 9
                  | of the Dungeon)
  8732 | D:8      | Noticed Pikel
  8768 | D:8      | Killed Erica
  8976 | D:8      | Killed Pikel
  8976 | D:8      | Reached *** piety under Okawaru
  9411 | Lair:1   | Entered Level 1 of the Lair of Beasts
  9424 | Lair:1   | Reached skill level 10 in Axes
  9424 | Lair:1   | Reached skill level 5 in Invocations
  9426 | Lair:1   | Reached XP level 11. HP: 49/67 MP: 14/14
  9599 | Lair:1   | Reached **** piety under Okawaru
 10419 | Lair:1   | Reached ***** piety under Okawaru
 11018 | Lair:2   | Reached skill level 5 in Evocations
 11023 | Lair:2   | Identified the +1 ring mail of Springtime {rCorr Str+2
                  | Int-3 Dex+5} (Okawaru gifted it to you on level 2 of the
                  | Lair of Beasts)
 11023 | Lair:2   | Received a gift from Okawaru
 11024 | Lair:2   | Reached skill level 11 in Axes
 12074 | Lair:3   | Found a staircase to the Snake Pit.
 12131 | Lair:2   | Reached XP level 12. HP: 75/75 MP: 16/16
 13078 | Lair:3   | Found a staircase to the Shoals.
 13375 | Lair:4   | Noticed a seven-headed hydra
 13375 | Lair:4   | Found a dark tunnel.
 13387 | Lair:4   | Killed a two-headed hydra
 13388 | Lair:4   | Reached skill level 12 in Axes
 13426 | Volcano  | Entered a volcano
 14338 | Volcano  | Noticed a sun demon
 14353 | Volcano  | Killed a sun demon
 14353 | Volcano  | Identified the +0 cloak "Boerphomp" {-Cast rC+ rCorr Str+3}
                  | (Okawaru gifted it to you in a volcano)
 14353 | Volcano  | Received a gift from Okawaru
 14452 | Volcano  | Noticed a sun demon
 14472 | Volcano  | Slain by a sun demon

Illustrated notes

Levels and vault maps discovered:
D:1:      dpeg_arrival_central, layout_rooms,
          ebering_ecumenical_altar_petrified, minmay_pentomino_r4
D:2:      layout_loops_cross, serial_forest, infiniplex_forest_straight_4,
          infiniplex_forest_end_2, infiniplex_forest_straight_1,
          infiniplex_forest_clump_C, infiniplex_forest_straight_5,
          infiniplex_forest_clump_curved, infiniplex_forest_straight_4,
          infiniplex_forest_lined_2, infiniplex_forest_lined_room_2,
          minmay_distorted
D:3:      layout_rooms
D:4:      layout_basic, serial_shops, nicolae_shop_stone, minivault_1,
          st_stairs_13
D:5:      layout_rooms
D:6:      layout_basic, grunt_dithmenos_shadows
D:7:      layout_basic, temple_pool_b, grunt_ministairs_11
D:8:      layout_basic, mainiacjoe_overflow_catch_the_wave, hex_intersection,
          uniq_pikel, uniq_erica
D:9:      layout_loops_cross, erik_lair_island, orc_0_dummy, enter_bailey_4,
          serial_rivers, chequers_serial_rivers_marsh,
          chequers_serial_rivers_micro_b, chequers_serial_rivers_micro_c,
          chequers_serial_rivers_small_b, chequers_serial_rivers_micro_b,
          chequers_serial_rivers_micro_e, serial_shops,
          nicolae_shop_behind_doors, kennysheep_cross_room, minmay_librarian
Temple:   regret_index_temple_mists
Lair:1:   layout_misc_corridors, guppyfry_lair_drakes
Lair:2:   layout_chaotic_city, grunt_megastairs_4
Lair:3:   layout_regular_city, elwin_shoals_entry_rooms, dummy_snake_entry
Lair:4:   nzn_winding_woodlands_three_and_one
          [nzn_winding_woodlands_5x15_lazy_stream,
          nzn_winding_woodlands_5x15_zeroes, nzn_winding_woodlands_5x15_pockets,
          nzn_winding_woodlands_center_garden], layout_cave_shapes,
          nicolae_volcano_entry_lava_flow
Volcano:  hellmonk_smoking_crater

Skill      XL: |  1  2  3  4  5  6  7  8  9 10 11 12 |
---------------+-------------------------------------+-----
Axes           | 2 3 4 5 7 8 10 11 12 | 12.1
Armour         | 4 5 6 7 8 9 |  9.2
Fighting       | 4 5 6 7 8 |  8.9
Shields        | 4 5 6 7 |  7.4
Invocations    | 3 5 6 7 |  7.6
Evocations     | 2 4 5 6 |  6.3
Long Blades    | |  0.8

Action                   |  1- 3 |  4- 6 |  7- 9 | 10-12 || total
-------------------------+-------+-------+-------+-------++-------
Melee: War axe           |    82 |   117 |   204 |    85 ||   488
       Broad axe         |       |       |       |   367 ||   367
       Scimitar          |       |       |       |     6 ||     6
  Use: Scroll            |     3 |     8 |     7 |     7 ||    25
       Potion            |       |       |       |     2 ||     2
Armor: Scale mail        |    28 |       |       |       ||    28
       Chain mail        |    22 |    97 |   148 |       ||   267
       Plate armour      |       |       |    16 |   424 ||   440
Dodge: Dodged            |    34 |    60 |   101 |   150 ||   345
Block: Buckler           |    17 |    35 |    75 |   134 ||   261

Table legend: (Time is in decaauts)
 A = Elapsed time spent in this place.
 B = Non-inter-level travel time spent in this place.
 C = Inter-level travel time spent in this place.
 D = Time resting spent in this place.
 E = Time spent auto-exploring this place.
 F = Levels seen in this place.
 G = Mean time per level.
                   A        B        C        D        E       F      G
               +--------+--------+--------+--------+--------+-----+--------+
         Total |  14716 |  14553 |    163 |   4258 |   7531 |  15 |  981.1 |
       Dungeon |   9440 |   9307 |    133 |   2215 |   5216 |   9 | 1048.9 |
        Temple |    162 |    162 |      0 |      0 |    101 |   1 |  162.0 |
          Lair |   4064 |   4034 |     30 |   1287 |   2140 |   4 | 1016.0 |
       Volcano |   1048 |   1048 |      0 |    756 |     73 |   1 | 1048.0 |
               +--------+--------+--------+--------+--------+-----+--------+

Top non-repeatable levels by time:
     D:4: 1806 daAuts
  Lair:2: 1542 daAuts
  Lair:1: 1492 daAuts
     D:9: 1377 daAuts
     D:7: 1357 daAuts
     D:8: 1148 daAuts
 Volcano: 1048 daAuts
  Lair:3: 977 daAuts
     D:5: 838 daAuts
     D:6: 838 daAuts
     D:2: 827 daAuts
     D:1: 655 daAuts
     D:3: 589 daAuts
  Temple: 162 daAuts
  Lair:4: 52 daAuts
